 Dungeon Crawl Stone Soup version 0.29-a0-1027-gcd8c55af63 (webtiles) character file.

Game seed: 4073882446572483907

9 flyleaff the Chiller (level 2, 20/20 HPs)
             Began as a Demonspawn Ice Elementalist on Aug 13, 2022.
             Quit the game on level 1 of the Dungeon.
             The game lasted 00:01:29 (558 turns).

flyleaff the Chiller (Demonspawn Ice Elementalist)   Turns: 558, Time: 00:01:30

Health: 20/20      AC:  2    Str:  8    XL:     2   Next: 3%
Magic:  3/5        EV: 12    Int: 16    God:
Gold:   12         SH:  0    Dex: 13    Spells: 4/5 levels left

rFire   . . .      SeeInvis .   c - +0 dagger
rCold   . . .      Faith    .   (no shield)
rNeg    . . .      Spirit   .   a - +0 robe
rPois   .          Reflect  .   (no helmet)
rElec   .          Harm     .   (no cloak)
rCorr   .          Rampage  .   (no gloves)
Will    .....                   (no boots)
Stlth   ++........              (no amulet)
HPRegen 0.06/turn               (no ring)
MPRegen 0.09/turn               (no ring)

@: no status effects
A: hooves 1
a: no special abilities


You were on level 1 of the Dungeon.
You visited 1 branch of the dungeon, and saw 1 of its levels.

You collected 12 gold pieces.

Inventory:

Hand Weapons
 c - a +0 dagger (weapon)
Armour
 a - a +0 robe (worn)
Potions
 b - a potion of magic


   Skills:
 + Level 0.6 Fighting
 + Level 2.0 Dodging
 - Level 1.7 Stealth
 + Level 2.1 Spellcasting
 + Level 3.7 Ice Magic


You had 4 spell levels left.
You knew the following spells:

 Your Spells              Type           Power      Damage    Failure   Level
a - Freeze                Ice            52%        1d7       4%          1

Your spell library contained the following spells:

 Spells                   Type           Power      Damage    Failure   Level
 Frozen Ramparts          Ice            26%        1d4       13%         3
 Ozocubu's Armour         Ice            13%        N/A       13%         3
 Hailstorm                Conj/Ice       7%         3d4       67%         4


Dungeon Overview and Level Annotations

Branches:
Dungeon (1/15)

Altars:


Innate Abilities, Weirdness & Mutations

You have large cloven feet.


Message History

You are too injured to fight recklessly!
You are too injured to fight recklessly!
You are too injured to fight recklessly!
You are too injured to fight recklessly!
Casting: Freeze (safe; 4% risk of failure)
Confirm with . or Enter, or press ? or * to list all spells.
Aiming: Freeze (safe; 4% risk of failure)
Press: ? - help, Shift-Dir - straight line, f - kobold
Aim: a kobold, wielding a +0 dagger and quivering stones (severely wounded)
You freeze the kobold.
You kill the kobold!
Found a sling.
You now have 12 gold pieces.
A bat comes into view.
A bat is nearby!
The helpless bat fails to defend itself.
You hit the bat.
You kill the bat!
A giant cockroach comes into view.
A jackal comes into view.
Found 17 gold pieces.
A hobgoblin comes into view.
The jackal barks!
The hobgoblin shouts!
The giant cockroach misses you.
The hobgoblin moves out of view.
Casting: Freeze (safe; 4% risk of failure)
Confirm with . or Enter, or press ? or * to list all spells.
Aiming: Freeze (safe; 4% risk of failure)
Press: ? - help, Shift-Dir - straight line, f - giant cockroach
Aim: a giant cockroach You freeze the giant cockroach!
You kill the giant cockroach!
A jackal comes into view.
The jackal moves out of view.
Your Dodging skill increases to level 2!
You have reached level 2!
You feel monstrous as your demonic heritage exerts itself.
Your demonic ancestry asserts itself...
Your feet thicken and deform.
Okay, then.
Are you sure you want to abandon this character and quit the game? (Confirm with "yes".)

##.....#......#...###
.......###....#......
.....### #..)......# .#
.....#####.........##...
........................
....#.................#
....#.............#...##
....#................$..
............##..@†h#.
............##.....#
............########
##....####### #....#
#....# ######


You could see a jackal.

Vanquished Creatures
  A giant cockroach (D:1)
  2 goblins (D:1)
  A hobgoblin (D:1)
  A kobold (D:1)
  2 bats (D:1)
  A rat (D:1)
8 creatures vanquished.

Notes
Turn   | Place    | Note
-------+----------+-------------------------------------------
     0 | D:1      | flyleaff the Demonspawn Ice Elementalist began the quest
                  | for the Orb.
     0 | D:1      | Reached XP level 1. HP: 13/13 MP: 3/3
   558 | D:1      | Discovered your monstrous ancestry.
   558 | D:1      | Gained mutation: You have large cloven feet. [demonic
                  | ancestry]
   558 | D:1      | Reached XP level 2. HP: 20/20 MP: 3/5
   558 | D:1      | Quit the game

Illustrated notes

Levels and vault maps discovered:
D:1:      reono_arrival_mine, layout_basic, minivault_26

Skill      XL: |  1 |
---------------+----+-----
Dodging        | 2 |  2.0
Fighting       | |  0.6
Stealth        | |  1.7
Spellcasting   | |  2.1
Ice Magic      | |  3.7

Action                   || total
-------------------------++-------
Melee: Dagger            ||     9
       Unarmed           ||     2
 Cast: Freeze            ||    10
  Use: Scroll            ||     1
 Stab: Sleeping          ||     2
Armor: Robe              ||     2
Dodge: Dodged            ||    12

Table legend: (Time is in decaauts)
 A = Elapsed time spent in this place.
 B = Non-inter-level travel time spent in this place.
 C = Inter-level travel time spent in this place.
 D = Time resting spent in this place.
 E = Time spent auto-exploring this place.
 F = Levels seen in this place.
 G = Mean time per level.
                   A        B        C        D        E       F      G
               +--------+--------+--------+--------+--------+-----+--------+
         Total |    557 |    557 |      0 |      0 |    488 |   1 |  557.0 |
       Dungeon |    557 |    557 |      0 |      0 |    488 |   1 |  557.0 |
               +--------+--------+--------+--------+--------+-----+--------+

Top non-repeatable levels by time:
     D:1: 557 daAuts
